 Dungeon Crawl Stone Soup version 0.30-a0-377-g5cb311bc9f (webtiles) character file.

Game seed: 11052897649923654860

156693 karrick the Bludgeoner (level 17, -3/116 HPs)
             Began as a Gargoyle Fighter on Nov 27, 2022.
             Was the Champion of Okawaru.
             Killed from afar by a salamander mystic (22 damage)
             ... with a lance of force
             ... on level 4 of the Snake Pit on Nov 29, 2022.
             The game lasted 01:49:05 (33480 turns).

karrick the Bludgeoner (Gargoyle Fighter)          Turns: 33480, Time: 01:49:06

Health: -3/116     AC: 31    Str: 23    XL:     17   Next: 68%
Magic:  0/26       EV: 10    Int: 11    God:    Okawaru [******]
Gold:   2357       SH: 15    Dex: 17    Spells: 16/16 levels left

rFire   . . .      SeeInvis .    R - +5 morningstar
rCold   . . .      Faith    .    N - +2 kite shield {reflect}
rNeg    + . .      Spirit   +    V - +0 steam dragon scales
rPois   ∞          Reflect  +    w - +2 helmet
rElec   +          Harm     .    f - +2 cloak
rCorr   .          Rampage  .    a - +1 pair of gloves of Ostrue {rElec rC+ Str+3 Dex+2}
Will    +....                    z - +2 pair of boots of Cuibue Taoco {+Blink rElec rC- Slay+4}
Stlth   +++++.....               I - amulet of guardian spirit
HPRegen 0.39/turn                h - +4 ring of slaying
MPRegen 0.20/turn                Q - +4 ring of slaying

@: flying, slowed, very slow
A: sickness immunity, AC +12, big wings, negative energy resistance 1,
electricity resistance, torment resistance 1, petrification resistance
a: Renounce Religion, Evoke Blink, Heroism, Finesse, Duel


You were on level 4 of the Snake Pit.
You worshipped Okawaru.
Okawaru was exalted by your worship.
You visited 5 branches of the dungeon, and saw 27 of its levels.
You also visited: Ossuary and Ice Cave.

You collected 2673 gold pieces.
You spent 316 gold pieces at shops.

Inventory:

Hand Weapons
 J - a +2 scimitar of flaming
 R - a +5 morningstar (weapon)
 Z - a +2 flail of holy wrath
Missiles
 t - 4 silver javelins (quivered)
Armour
 a - the +1 pair of gloves of Ostrue (worn) {rElec rC+ Str+3 Dex+2}
   (You found it on level 14 of the Dungeon)

   Str:       It affects your strength (+3).
   Dex:       It affects your dexterity (+2).
   rC:        It protects you from cold.
   rElec:     It insulates you from electricity.
 b - the +4 scale mail of Trumpets {Dex+3}
   (Okawaru gifted it to you on level 5 of the Lair of Beasts)

   Dex:       It affects your dexterity (+3).
 f - a +2 cloak (worn)
 w - a +2 helmet (worn)
 z - the +2 pair of boots of Cuibue Taoco (worn) {+Blink rElec rC- Slay+4}
   (You found it on level 4 of the Snake Pit)

   Slay:      It affects your accuracy & damage with ranged weapons and melee
   (+4).
   rC:        It makes you vulnerable to cold.
   rElec:     It insulates you from electricity.
   +Blink:    It lets you blink.
 N - a +2 kite shield of reflection (worn)
 P - a scarf of invisibility
 U - a scarf of shadows
 V - +0 steam dragon scales (worn)
 Y - the +0 buckler "Oreer" {rF+ Will- Int+7}
   (Okawaru gifted it to you on level 15 of the Dungeon)

   Int:       It affects your intelligence (+7).
   rF:        It protects you from fire.
   Will:      It decreases your willpower.
Jewellery
 h - a +4 ring of slaying (left hand)
 k - the ring of Vasare {rElec rF+ Int+6}
   (You found it on level 13 of the Dungeon)

   [ring of intelligence]

   Int:       It affects your intelligence (+6).
   rF:        It protects you from fire.
   rElec:     It insulates you from electricity.
 H - a +6 ring of dexterity
 I - an amulet of guardian spirit (around neck)
 K - a ring of willpower
 Q - a +4 ring of slaying (right hand)
 T - the ring "Hiasop" {rElec rC+ SInv}
   (You acquired it on level 2 of the Orcish Mines)

   [ring of see invisible]

   rC:        It protects you from cold.
   rElec:     It insulates you from electricity.
   SInv:      It lets you see invisible.
 W - a +6 ring of dexterity
Wands
 E - a wand of digging (6)
 X - a wand of paralysis (22)
Scrolls
 g - a scroll of brand weapon
 p - 3 scrolls of teleportation
 q - 7 scrolls of butterflies
 r - 7 scrolls of enchant weapon
 s - 6 scrolls of amnesia
 u - 4 scrolls of enchant armour
 y - 2 scrolls of silence
 A - a scroll of vulnerability
 F - 2 scrolls of magic mapping
 G - 2 scrolls of summoning
 M - a scroll of identify
 O - 4 scrolls of torment
 S - 4 scrolls of blinking
Potions
 d - 5 potions of might
 e - 5 potions of heal wounds
 i - 5 potions of haste
 j - 4 potions of berserk rage
 l - 6 potions of attraction
 m - 3 potions of invisibility
 n - 11 potions of curing
 o - 2 potions of resistance
 v - 6 potions of brilliance
 x - 7 potions of mutation
 B - a potion of cancellation
 C - a potion of ambrosia
 D - 3 potions of magic {unknown}
 L - 3 potions of lignification {unknown}


   Skills:
 + Level 16.6 Fighting
 + Level 18.9 Maces & Flails
 + Level 0.2 Throwing
 + Level 7.8 Armour
 + Level 12.7 Stealth
 + Level 14.1 Shields
 * Level 12.1 Invocations


You had 16 spell levels left.
You didn't know any spells.
Your spell library contained the following spells:

 Spells                   Type           Power      Damage    Failure   Level
 Kiss of Death            Conj/Necr      0%         2d5       54%         1
 Magic Dart               Conj           0%         1d3       54%         1
 Sandblast                Erth           0%         2d4       54%         1
 Shock                    Conj/Air       0%         1d3       54%         1
 Sting                    Tmut/Pois      0%         1d3       54%         1
 Blink                    Tloc           0%         N/A       69%         2
 Momentum Strike          Conj/Tloc      0%         3d8       69%         2
 Passwall                 Tmut/Erth      0%         N/A       69%         2
 Poisonous Vapours        Pois/Air       0%         N/A       69%         2
 Searing Ray              Conj           0%         2d4       69%         2
 Confusing Touch          Hex            0%         N/A       89%         3
 Dazzling Flash           Conj/Hex       0%         N/A       89%         3
 Ignite Poison            Fire/Tmut/Pois 0%         N/A       89%         3
 Kindle Blastsparks       Fire/Tloc/Air  0%         2d10      89%         3
 Lesser Beckoning         Tloc           0%         N/A       89%         3
 Stone Arrow              Conj/Erth      0%         3d7       89%         3
 Swiftness                Air            0%         N/A       89%         3
 Airstrike                Air            0%         2d(0-16)  100%        4
 Dispel Undead            Necr           0%         3d6       100%        4
 Flame Wave               Conj/Fire      0%         2d4       100%        4
 Fulminant Prism          Conj/Hex       0%         3d5       100%        4
 Iskenderun's Mystic Bla  Conj/Tloc      0%         2d3       100%        4
 Olgreb's Toxic Radiance  Pois           0%         N/A       100%        4
 Lee's Rapid Deconstruct  Erth           0%         3d4*      100%        5
 Yara's Violent Unravell  Hex/Tmut       0%         3d3       100%        5
 Starburst                Conj/Fire      0%         6d3       100%        6
 Enfeeble                 Hex            0%         N/A       100%        7
 Ozocubu's Refrigeration  Ice            0%         4d7       100%        7
 Storm Form               Tmut/Air       0%         N/A       100%        7
 Ignition                 Fire           0%         3d3       100%        8
 Maxwell's Capacitive Co  Air            0%         ∞         100%        8
 Fire Storm               Conj/Fire      0%         5d1       100%        9
 Summon Lightning Spire   Summ/Air       Unusable   N/A       N/A         4

Dungeon Overview and Level Annotations

Branches:
Dungeon (15/15)            Temple (1/1) D:6            Lair (5/5) D:11
  Swamp (0/4) Lair:3        Snake (4/4) Lair:3        Slime (0/5) Lair:5
    Orc (2/2) D:11            Elf (0/3) Orc:2        Vaults (0/5) D:14
 Depths (0/4) D:15        Ossuary (visited)           IceCv (visited)

Altars:
Ashenzari
Cheibriados
Dithmenos
Elyvilon
Fedhas
Gozag
Hepliaklqana
Kikubaaqudgha
Makhleb
Nemelex Xobeh
Okawaru
Qazlal
Ru
Sif Muna
Trog
Uskayaw
Vehumet
Wu Jian
Xom
Yredelemnul
Zin
The Shining One
Jiyva
Lugonu

Shops:
D:10 :   D:14 *   Orc:1 *   Orc:2 !!(=   Snake:4 *[[([

Portals:
Abyss: Lair:5
Pandemonium: Orc:2
Trove: D:12 (give +3 shadow dragon scales)

Annotations:
Snake:2 Agnes, Asterion, Vashnia


Innate Abilities, Weirdness & Mutations

You are immune to sickness and miasma.
Your stone body is resilient. (AC +12)
You are immune to poison.
Your large and strong wings let you fly.
You resist negative energy. (rN+)
You are resistant to electric shocks. (rElec)
You are resistant to unholy torment.
You are immune to petrification.


Message History

You sock the guardian serpent!
The guardian serpent is heavily wounded.
The guardian serpent coils itself and waves its upper body at you.
The salamander mystic blinks!
Unknown command.
You bludgeon the guardian serpent!!
The guardian serpent is almost dead.
You block the guardian serpent's attack.
The guardian serpent casts a spell at you.
The salamander mystic closely misses you.
Unknown command.
You closely miss the guardian serpent.
The guardian serpent is almost dead.
You block the guardian serpent's attack.
The salamander mystic hits you but does no damage.
The guardian serpent coils itself and waves its upper body at you.
You easily resist.
Unknown command.
You hit the guardian serpent.
The guardian serpent is almost dead.
You feel like a meek peon again.
You block the guardian serpent's attack.
The salamander mystic hits you with a +0 quarterstaff.
You are engulfed in flames!
* * * LOW HITPOINT WARNING * * *
You sock the guardian serpent!
You kill the guardian serpent!
Okawaru accepts your kill.
The salamander mystic barely misses you.
The naga sharpshooter gestures wildly while chanting.
The naga sharpshooter magically shoots an arrow.
You reflect the arrow off your +2 kite shield of reflection!
You block the anaconda's attack. The anaconda misses you.
You impale the salamander mystic!!
The salamander mystic is heavily wounded.
You block the anaconda's attack. The anaconda bites you!
* * * LOW HITPOINT WARNING * * *
The salamander mystic casts a spell at you.
The lance of force hits you!!
You die...

.§≈§≈§§≈§§≈......................
..§)§≈#≈≈...#.#######.........)..
......#.§......)).).##...........
...#..#..#...##)###).#..........#
...#.....#...#)...#)##..........#
...#.....#...#....#)#..........##
...#..§..#...#....#.#..........#
#'##..§§§#..N#'####.#..........#
.....§§§§#..NNNS@N..#..........##
....§§§§8##'#########...<........
.....§§§§NN§§N..................)
......§§##§§N....................
....................######.....[.
......##''##........# #.......
.....##....##.......### #.......
...###......##........####.......
...##...##...##.........##.......


You could see a naga sharpshooter, 2 salamander mystics, a salamander, an
anaconda and a naga.

Vanquished Creatures
  Donald (Orc:2)
  2 nagarajas
  A reaper (IceCv)
  Azrael (Snake:1)
  An ettin (D:15)
  A salamander tyrant (Snake:4)
  4 hydras
  An ogre mage (D:14)
  2 catoblepae
  5 centaur warriors
  2 demonspawn (Orc:2)
  5 boulder beetles
  6 anacondas
  3 two-headed ogres
  11 death yaks
  14 naga warriors
  8 shock serpents
  9 orc high priests (Orc:2)
  2 tengu warriors (D:14)
  9 naga sharpshooters
  Sonja (D:10)
  2 thrashing horrors (Lair:5)
  A sixfirhy (Orc:2)
  3 salamander mystics
  Pikel (D:6)
  4 skeletal warriors (D:15)
  A naga ritualist (Snake:1)
  A sea snake (Snake:3)
  A lindwurm (Lair:4)
  3 deep trolls (D:15)
  A necromancer (D:15)
  A harpy (shapeshifter) (D:14)
  4 orc knights (Orc:2)
  6 ugly things (D:14)
  5 mana vipers
  6 orc sorcerers
  5 cyclopes
  A manticore (D:15)
  3 deep elf pyromancers
  30 salamanders
  5 guardian serpents
  5 elephants (Lair:3)
  2 rust devils (Orc:2)
  20 black mambas
  2 torpor snails (Lair:5)
  2 ice statues (IceCv)
  2 gargoyles
  18 naga magi
  An orange demon (Orc:2)
  2 smoke demons (Lair:5)
  2 unseen horrors
  9 cane toads
  3 yaktaurs (D:14)
  Maggie (D:9)
  11 komodo dragons
  4 rime drakes
  A freezing wraith (D:15)
  3 efreet
  5 ice devils (IceCv)
  2 ancient zymes (Lair:5)
  13 polar bears
  A red devil (Orc:2)
  3 trolls
  A hornet (D:10)
  Grinder (D:5)
  3 slime creatures (D:15)
  17 blink frogs
  2 centaur simulacra (D:15)
  4 fire elementals (Snake:1)
  A shadow (D:11)
  2 ynoxinuls (Lair:5)
  3 water elementals (D:15)
  38 yaks
  A wraith (D:10)
  A dire elephant simulacrum (IceCv)
  8 basilisks
  6 wyverns
  A chaos spawn (Lair:5)
  Grum (Lair:1)
  3 large abominations (Lair:5)
  2 death yak simulacra (IceCv)
  4 wargs (Orc:2)
  13 vampire mosquitoes
  2 harpy simulacra (IceCv)
  A steam dragon (D:8)
  49 nagas
  9 water moccasins
  An acid dragon (D:9)
  35 orc warriors
  2 hell hounds (Snake:1)
  A sky beast (D:8)
  A sky beast (shapeshifter) (Lair:5)
  3 black bears
  6 ice beasts
  12 ogres
  The ghost of Nyo the Skirmisher, an amateur GnHu (D:3)
  A boggart (D:14)
  31 wolves
  8 centaurs
  A phantom (D:6)
  5 kobold brigands
  13 bullfrogs
  A necrophage (D:4)
  A two-headed ogre simulacrum (IceCv)
  4 gnoll sergeants
  5 scorpions
  13 small abominations (Lair:5)
  11 wights
  2 elephant simulacra (IceCv)
  A killer bee (D:8)
  7 electric eels
  A howler monkey (D:8)
  A lava snake (Snake:4)
  2 hounds
  27 orc priests
  A gnoll bouda (D:9)
  2 jellies
  2 human zombies (Ossuary)
  An iguana (D:6)
  15 orc wizards
  A polar bear simulacrum (IceCv)
  5 hell rats (Lair:4)
  3 spriggan simulacra (IceCv)
  2 troll simulacra (IceCv)
  5 mummies (Ossuary)
  7 adders
  24 gnolls
  3 naga simulacra (IceCv)
  A shadow imp (D:8)
  A white imp (IceCv)
  3 ufetubi
  2 worms
  76 orcs
  4 bats
  8 endoplasms
  3 giant cockroaches
  A gnoll zombie (Ossuary)
  6 hobgoblins
  19 kobolds
  4 quokkas
  14 ball pythons
  2 frilled lizards
  5 goblins
  3 hobgoblin zombies (Ossuary)
  2 kobold zombies (Ossuary)
  4 rats
  A spectral goblin (D:1)
885 creatures vanquished.

Vanquished Creatures (others)
  4 water elementals (D:15)
  2 nagas
  11 fungi
  36 plants
  3 withered plants (D:15)
56 creatures vanquished.

Grand Total: 941 creatures vanquished

Notes
Turn   | Place    | Note
-------+----------+-------------------------------------------
     0 | D:1      | karrick the Gargoyle Fighter began the quest for the Orb.
     0 | D:1      | Reached XP level 1. HP: 14/14 MP: 1/1
   244 | D:1      | Found a faded altar of an unknown god.
   518 | D:1      | Reached XP level 2. HP: 19/19 MP: 2/2
   763 | D:2      | Reached XP level 3. HP: 18/23 MP: 3/3
  1332 | D:3      | Reached skill level 3 in Maces & Flails
  1444 | D:2      | Reached XP level 4. HP: 14/28 MP: 4/4
  1709 | D:3      | Got Cerebov's Secrets of the Blaze
  1819 | D:3      | Found a runed translucent gate.
  1856 | D:3      | Reached XP level 5. HP: 27/32 MP: 5/5
  2044 | D:3      | Found a shimmering blue altar of Sif Muna.
  2061 | D:3      | Found a runed translucent gate.
  2063 | D:3      | Found a runed translucent gate.
  2063 | D:3      | Noticed Nyo's ghost (amateur GnHu)
  2065 | D:3      | Noticed a kobold brigand
  2371 | D:4      | Noticed an ogre
  2380 | D:4      | Killed an ogre
  2381 | D:4      | Reached skill level 4 in Maces & Flails
  2571 | D:4      | Reached XP level 6. HP: 38/38 MP: 6/6
  3096 | D:5      | Entered Level 5 of the Dungeon
  3156 | D:5      | Found a hide-covered altar of Uskayaw.
  3209 | D:5      | Noticed a black bear
  3223 | D:5      | You fall into a shaft and drop 1 floor!
  3267 | D:6      | Noticed a wyvern
  3275 | D:6      | Killed a wyvern
  3276 | D:6      | Reached skill level 5 in Maces & Flails
  3276 | D:6      | Reached skill level 1 in Stealth
  3276 | D:6      | Reached XP level 7. HP: 26/43 MP: 7/7
  3329 | D:6      | Found a sand-covered staircase.
  3334 | Ossuary  | Entered an ossuary
  3538 | Ossuary  | Reached skill level 6 in Maces & Flails
  3684 | D:6      | Found a staircase to the Ecumenical Temple.
  3694 | Temple   | Entered the Ecumenical Temple
  4053 | D:6      | Found a shadowy altar of Dithmenos.
  4110 | D:6      | Reached skill level 5 in Shields
  4110 | D:6      | Reached XP level 8. HP: 28/48 MP: 5/8
  4118 | D:6      | Reached skill level 7 in Maces & Flails
  4405 | D:5      | Reached skill level 5 in Armour
  4522 | D:5      | Noticed Grinder
  4534 | D:5      | Killed Grinder
  4535 | D:5      | Reached skill level 5 in Fighting
  4869 | D:6      | Reached skill level 8 in Maces & Flails
  4998 | D:3      | Killed Nyo's ghost
  5298 | D:6      | Reached XP level 9. HP: 44/54 MP: 7/9
  5583 | D:6      | Found a sacrificial altar of Ru.
  5594 | D:6      | Found a burning altar of Makhleb.
  5616 | D:6      | Noticed Pikel
  5634 | D:6      | Killed Pikel
  5635 | D:6      | Reached skill level 9 in Maces & Flails
  6426 | D:7      | Found an opulent altar of Gozag.
  6665 | D:8      | Reached skill level 10 in Maces & Flails
  6675 | D:8      | Reached XP level 10. HP: 43/61 MP: 6/10
  7155 | D:8      | Reached skill level 11 in Maces & Flails
  7879 | D:9      | Noticed a two-headed ogre
  7887 | D:9      | Killed a two-headed ogre
  8172 | D:7      | Reached skill level 12 in Maces & Flails
  8269 | D:9      | Noticed Maggie
  8280 | D:9      | Killed Maggie
  8281 | D:9      | Reached XP level 11. HP: 68/68 MP: 11/11
  8289 | D:9      | Identified the +5 long sword "Selinn" {vorpal, rElec rC+++
                  | rN+ Str-2}
  8608 | D:9      | Found an iron altar of Okawaru.
  8658 | D:9      | Became a worshipper of Warmaster Okawaru
  8793 | D:10     | Entered Level 10 of the Dungeon
  8985 | D:10     | Upgraded the game from 0.30-a0-374-g95c0257040 to
                  | 0.30-a0-377-g5cb311bc9f
  9070 | D:10     | Found an ornate altar of the Wu Jian Council.
  9115 | D:10     | Identified the +1 scale mail of Unreason {Dex+4}
  9135 | D:10     | Reached * piety under Okawaru
  9136 | D:10     | Found Koeraekh's Book Boutique.
  9267 | D:10     | Noticed Sonja
  9634 | D:10     | Killed Sonja
  9635 | D:10     | Reached skill level 13 in Maces & Flails
  9764 | D:10     | Reached skill level 5 in Stealth
  9886 | D:11     | Noticed a two-headed ogre
 10037 | D:11     | Killed a two-headed ogre
 10199 | D:11     | Reached ** piety under Okawaru
 10280 | D:11     | Found a staircase to the Orcish Mines.
 10439 | D:11     | Found a staircase to the Lair.
 10785 | D:11     | Reached XP level 12. HP: 76/76 MP: 12/12
 10801 | D:11     | Reached *** piety under Okawaru
 10926 | D:11     | Reached skill level 14 in Maces & Flails
 11248 | D:12     | Found a portal to a secret trove of treasure.
 11721 | D:12     | Reached **** piety under Okawaru
 11746 | D:12     | Noticed a boulder beetle
 11761 | D:12     | Killed a boulder beetle
 11762 | D:12     | Reached skill level 10 in Fighting
 12011 | D:13     | Identified the ring of Vasare {rElec rF+ Int+6}
 12173 | D:13     | Noticed a centaur warrior
 12478 | D:14     | Noticed a boulder beetle
 12489 | D:14     | Killed a boulder beetle
 12564 | D:14     | Found a hazy altar of Hepliaklqana.
 12591 | D:14     | Noticed a two-headed ogre
 12591 | D:14     | Noticed an ogre mage
 12706 | D:14     | Noticed a tengu warrior
 12735 | D:14     | Noticed a centaur warrior
 12747 | D:14     | Killed a centaur warrior
 12768 | D:14     | Reached skill level 1 in Invocations
 12827 | D:14     | Noticed a catoblepas
 12874 | D:14     | Identified the +1 pair of gloves of Ostrue {rElec rC+ Str+3
                  | Dex+2}
 12914 | D:14     | Reached skill level 15 in Maces & Flails
 13212 | D:13     | Reached ***** piety under Okawaru
 13225 | D:13     | Noticed a boulder beetle
 13231 | D:13     | Killed a centaur warrior
 13231 | D:13     | Received a gift from Okawaru
 13241 | D:13     | Killed a boulder beetle
 13249 | D:13     | Noticed a boulder beetle
 13260 | D:13     | Killed a boulder beetle
 13261 | D:13     | Reached XP level 13. HP: 66/84 MP: 12/15
 13807 | D:13     | Found a glowing golden altar of the Shining One.
 14242 | D:15     | Entered Level 15 of the Dungeon
 14311 | D:15     | Identified the +0 buckler "Oreer" {rF+ Will- Int+7}
                  | (Okawaru gifted it to you on level 15 of the Dungeon)
 14311 | D:15     | Received a gift from Okawaru
 14434 | D:15     | Noticed an ettin
 14471 | D:15     | Reached skill level 16 in Maces & Flails
 14804 | D:14     | Found Udyrphis's General Store.
 14977 | D:14     | Found a gate to the Vaults.
 15247 | Orc:1    | Entered Level 1 of the Orcish Mines
 15253 | Orc:1    | Found Ibuasonn's Assorted Antiques.
 15264 | Orc:1    | Paralysed by an orc sorcerer for 4 turns
 15272 | Orc:1    | Reached skill level 5 in Invocations
 15726 | Orc:1    | Bought a scroll of teleportation for 105 gold pieces
 15726 | Orc:1    | Bought a scroll of teleportation for 105 gold pieces
 15726 | Orc:1    | Bought a puce potion for 31 gold pieces
 15811 | Orc:2    | Entered Level 2 of the Orcish Mines
 16185 | Orc:2    | Found a staircase to the Elven Halls.
 16225 | Orc:2    | Found Havuacki's Distillery.
 16528 | Orc:2    | Noticed Donald
 16624 | Lair:1   | Entered Level 1 of the Lair of Beasts
 16737 | Lair:1   | Noticed Grum
 16759 | Lair:1   | Killed Grum
 16937 | Lair:1   | Gained mutation: Your large and strong wings let you fly.
                  | [Gargoyle growth]
 16937 | Lair:1   | Reached XP level 14. HP: 91/91 MP: 18/18
 17085 | Lair:1   | Reached skill level 10 in Stealth
 17105 | Lair:1   | Reached ****** piety under Okawaru
 17295 | Lair:1   | Received a gift from Okawaru
 17876 | Lair:2   | Identified a scroll of acquirement
 19008 | Lair:3   | Found a staircase to the Swamp.
 19176 | Lair:3   | Found a staircase to the Snake Pit.
 19219 | Lair:3   | Identified the +2 pair of boots "Zeetixidgh" {Fly rN+ rCorr
                  | Slay+3} (Okawaru gifted it to you on level 3 of the Lair of
                  | Beasts)
 19219 | Lair:3   | Received a gift from Okawaru
 20457 | Lair:4   | Reached skill level 17 in Maces & Flails
 20726 | Lair:5   | Entered Level 5 of the Lair of Beasts
 20850 | Lair:5   | Found a frozen archway.
 20943 | IceCv    | Entered an ice cave
 20976 | IceCv    | Reached XP level 15. HP: 99/99 MP: 20/20
 21041 | IceCv    | Reached skill level 10 in Shields
 21833 | Lair:5   | Identified the +4 scale mail of Trumpets {Dex+3} (Okawaru
                  | gifted it to you on level 5 of the Lair of Beasts)
 21833 | Lair:5   | Received a gift from Okawaru
 22070 | Lair:5   | Found a staircase to the Slime Pits.
 22104 | Lair:5   | Found a viscous altar of Jiyva.
 22966 | Lair:5   | Found a corrupted altar of Lugonu.
 22966 | Lair:5   | Found a one-way gate to the infinite horrors of the Abyss.
 24142 | D:15     | Found a radiant altar of Vehumet.
 24475 | D:15     | Received a gift from Okawaru
 24817 | D:15     | Found a staircase to the Depths.
 24847 | D:15     | Found an ancient bone altar of Kikubaaqudgha.
 25468 | Orc:2    | Killed Donald
 25502 | Orc:2    | Acquired the ring "Hiasop" {rElec rC+ SInv}
 25728 | Orc:1    | Found Loiwkir's Antique Weapon Emporium.
 25923 | Orc:2    | Found Togod's Distillery.
 26548 | Orc:2    | Reached XP level 16. HP: 83/107 MP: 18/23
 26552 | Orc:2    | Reached skill level 18 in Maces & Flails
 26807 | Orc:2    | Received a gift from Okawaru
 26840 | Orc:2    | Reached skill level 15 in Fighting
 27087 | Orc:2    | Reached skill level 10 in Invocations
 27617 | Orc:2    | Found Onuxkug's Jewellery Boutique.
 27617 | Orc:2    | Found a one-way gate leading to the halls of Pandemonium.
 27617 | Orc:2    | Found Edy Xur's Antique Weapon Shop.
 27974 | Snake:1  | Entered Level 1 of the Snake Pit
 28234 | Snake:1  | Noticed Azrael
 28270 | Snake:1  | Killed Azrael
 28768 | Snake:2  | Noticed Asterion
 28769 | Snake:2  | Noticed an Executioner
 28795 | Snake:2  | Received a gift from Okawaru
 28958 | Snake:2  | Noticed Agnes
 29003 | Snake:2  | Noticed Vashnia
 29550 | Snake:3  | Noticed a nagaraja
 29573 | Snake:3  | Killed a nagaraja
 29717 | Snake:3  | Received a gift from Okawaru
 30535 | Snake:3  | Reached XP level 17. HP: 113/115 MP: 23/25
 31587 | Snake:4  | Entered Level 4 of the Snake Pit
 32841 | Snake:4  | Received a gift from Okawaru
 32916 | Snake:4  | Identified the +2 pair of boots of Cuibue Taoco {+Blink
                  | rElec rC- Slay+4}
 32968 | Snake:4  | Found Acsah's Assorted Antiques.
 32969 | Snake:4  | Found Zicuadim's Armour Shop.
 32969 | Snake:4  | Found Taqanell's Armour Shop.
 32979 | Snake:4  | Found Yneudinu's Antique Armour Shop.
 33017 | Snake:4  | Bought a scroll of identify for 52 gold pieces
 33017 | Snake:4  | Bought a puce potion for 23 gold pieces
 33021 | Snake:4  | Found Meuxzaug's Weapon Shoppe.
 33254 | Snake:4  | Found an ancient bone altar of Kikubaaqudgha.
 33480 | Snake:4  | Killed from afar by a salamander mystic

Illustrated notes

Levels and vault maps discovered:
D:1:      nagdon_arrival_double_spiral, layout_basic,
          dreamdust_ecumenical_altar_drowned_temple
D:2:      layout_loops_ring
D:3:      layout_rooms, led_sif_pool, gammafunk_ghost_nasty_kobolds
D:4:      layout_basic, minmay_statues_item
D:5:      layout_cave_pools, old_standard_altar, uniq_grinder
D:6:      layout_basic, nicolae_dithmenos_the_darkroom,
          mainiacjoe_overflow_large_starburst, minmay_temple_entry_wispy,
          enter_ossuary_2, hangedman_decor_diamond_cutter, uniq_pikel
D:7:      layout_basic, mainiacjoe_overflow_cross_hatched, centaur_isle
D:8:      minmay_angry_zag, layout_basic, grunt_decor_resistance,
          minmay_fractal_squares_5
D:9:      layout_rooms, okawaru_trees_1, uniq_maggie
D:10:     layout_basic, nzn_wu_jian_council_hall, serial_shops,
          nicolae_take_the_stairs, st_stairs_6, uniq_sonja
D:11:     layout_loops_cross, hellmonk_lair_entry_icy, david_orc_4
D:12:     layout_loops_cross, enter_trove_1, drop_trap
D:13:     layout_basic, tso_altar
D:14:     layout_irregular_city, hangedman_vaults_entry_quadrant_bands,
          corexii_corridor_pit, serial_shops, kennysheep_little_box,
          nicolae_hepliaklqana_hazy_memory
D:15:     hangedman_depths_entry_civil_slaughter, layout_basic,
          kiku_gazebo_garden_becter, vehumet_altar_wand_db
Temple:   dpeg_chambers_temple
Lair:1:   layout_cave_pods, infiniplex_staircase_pool, grunt_megastairs_2,
          uniq_grum
Lair:2:   layout_cave_pods, serial_bayou_pond_c, cheibrodos_lair_lostbears,
          serial_bayou_shore_b
Lair:3:   layout_chaotic_city, swamp_mist, minmay_snake_entry_spellcaster
Lair:4:   layout_gridlike
Lair:5:   hellmonk_lair_end_abyssal_woods, layout_cellular_growth,
          slime_entry_1, portal_ice_cave_rime, grunt_megastairs_1,
          lemuel_fruit_tree
Snake:1:  layout_misc_corridors, uniq_azrael
Snake:2:  layout_basic, nicolae_snake_slithery_hallway, serial_bayou_shore_a,
          grunt_megastairs_5, uniq_vashnia, uniq_asterion, uniq_agnes
Snake:3:  layout_chambers, nicolae_snake_bzzzt, serial_bayou_shore_b
Snake:4:  johnstein_snake_rune_scales, layout_cave_town, basic_altar,
          serial_shops, shop, statue_in_the_mist_lemuel,
          minmay_shop_grid_forest, nicolae_snake_salamander_zone
Orc:1:    layout_caves, serial_shops, shop, shop
Orc:2:    pf_orc_diabolical, layout_caves, basic_altar, uniq_donald

Skill      XL: |  1  2  3  4  5  6  7  8  9 10 11 12 13 14 15 16 17 |
---------------+----------------------------------------------------+-----
Maces & Flails | 3 4 5 6 8 10 12 13 15 16 17 18 | 18.9
Shields        | 4 5 6 7 8 9 11 13 14 | 14.1
Armour         | 4 6 7 |  7.8
Fighting       | 4 5 6 8 9 10 11 13 14 15 16 | 16.6
Stealth        | 1 3 6 8 9 11 12 | 12.7
Invocations    | 2 5 7 9 11 12 | 12.1
Throwing       | |  0.2

Action                   |  1- 3 |  4- 6 |  7- 9 | 10-12 | 13-15 | 16-18 || total
-------------------------+-------+-------+-------+-------+-------+-------++-------
Melee: Flail             |   131 |   138 |   224 |       |       |       ||   493
       Morningstar       |       |       |    82 |   565 |  1334 |   810 ||  2791
Throw: Javelin           |       |       |       |     1 |       |       ||     1
Invok: Heroism           |       |       |       |     2 |     4 |    12 ||    18
  Use: Potion            |       |     3 |       |       |       |     3 ||     6
       Scroll            |       |     5 |       |     8 |    15 |    15 ||    43
 Stab: Sleeping          |       |       |       |     9 |    21 |    16 ||    46
       Distracted        |       |       |       |     3 |     7 |     3 ||    13
Armor: Scale mail        |   101 |    91 |   154 |    18 |       |       ||   364
       Steam dragon scal |       |       |       |   265 |   666 |   410 ||  1341
Dodge: Dodged            |    74 |    66 |   119 |   224 |   554 |   295 ||  1332
Block: Buckler           |    51 |    33 |    71 |   125 |   339 |       ||   619
       Kite shield       |       |       |       |       |    72 |   595 ||   667
       Reflection        |       |       |       |       |     1 |    75 ||    76

Table legend: (Time is in decaauts)
 A = Elapsed time spent in this place.
 B = Non-inter-level travel time spent in this place.
 C = Inter-level travel time spent in this place.
 D = Time resting spent in this place.
 E = Time spent auto-exploring this place.
 F = Levels seen in this place.
 G = Mean time per level.
                   A        B        C        D        E       F      G
               +--------+--------+--------+--------+--------+-----+--------+
         Total |  33075 |  30992 |   2083 |   1503 |  21445 |  29 | 1140.5 |
       Dungeon |  16519 |  15096 |   1423 |    400 |  11193 |  15 | 1101.3 |
        Temple |    264 |    259 |      5 |      0 |    232 |   1 |  264.0 |
          Lair |   6493 |   6066 |    427 |    107 |   4717 |   5 | 1298.6 |
     Snake Pit |   5370 |   5265 |    105 |    475 |   3153 |   4 | 1342.5 |
  Orcish Mines |   3356 |   3234 |    122 |    181 |   2063 |   2 | 1678.0 |
       Ossuary |    273 |    273 |      0 |      0 |     60 |   1 |  273.0 |
      Ice Cave |    795 |    795 |      0 |    340 |     27 |   1 |  795.0 |
               +--------+--------+--------+--------+--------+-----+--------+

Top non-repeatable levels by time:
   Orc:2: 2677 daAuts
  Lair:5: 2232 daAuts
 Snake:3: 2124 daAuts
 Snake:4: 1837 daAuts
    D:14: 1822 daAuts
    D:11: 1500 daAuts
    D:15: 1372 daAuts
  Lair:2: 1240 daAuts
    D:13: 1211 daAuts
    D:10: 1205 daAuts
     D:6: 1183 daAuts
  Lair:1: 1152 daAuts
     D:7: 1144 daAuts
     D:8: 1108 daAuts
     D:4: 1101 daAuts
